 Dungeon Crawl Stone Soup version 0.26-a0-651-gb41185065b (webtiles) character file.

Game seed: 12809088969341427793

58018 tilp the Unseen (level 14, -5/72 HPs)
             Began as a Spriggan Enchanter on Oct 25, 2020.
             Was an Elder of Dithmenos.
             Slain by a dire elephant (34 damage)
             ... on level 6 of the Lair of Beasts on Oct 26, 2020.
             The game lasted 00:56:04 (25688 turns).

tilp the Unseen (Spriggan Enchanter)               Turns: 25688, Time: 00:56:05

Health: -5/72      AC:  8    Str:  4    XL:     14   Next: 47%
Magic:  24/24      EV: 31    Int: 20    God:    Dithmenos [****..]
Gold:   1368       SH:  0    Dex: 18    Spells: 6/25 levels left

rFire    . . .     SeeInvis +   a - +1 dagger (venom)
rCold    + . .     Faith    .   (shield restricted)
rNeg     . . .     Spirit   .   w - +1 robe of Howling Wind {rElec Regen+ Stlth+}
rPois    +         Reflect  .   Z - +2 hat
rElec    +         Harm     .   Y - +2 cloak {rPois}
rCorr    .         Rampage  .   (gloves unavailable)
MR       ++...                  (boots unavailable)
Stlth    ++++++++++             d - amulet of magic regeneration
HPRegen  0.62/turn              K - ring of wizardry
MPRegen  0.44/turn              R - ring of protection from cold

@: confusing touch, wreathed by umbra, very quick
A: very small, unfitting armour, see invisible, speed 3
a: Shadow Step, Renounce Religion


You were on level 6 of the Lair of Beasts.
You worshipped Dithmenos.
Dithmenos was greatly pleased with you.
You visited 3 branches of the dungeon, and saw 18 of its levels.
You also visited: Ossuary and Ice Cave.

You collected 1368 gold pieces.

Inventory:

Hand Weapons
 a - a +1 dagger of venom (weapon)
 b - a +7 rapier of electrocution
 M - a +1 dagger of speed
Missiles
 g - 15 curare-tipped darts
 l - 108 poisoned darts (quivered)
 E - a throwing net {!f}
Armour
 w - the +1 robe of Howling Wind (worn) {rElec Regen+ Stlth+}
   (You found it on level 10 of the Dungeon)

   It insulates you from electricity.
   It increases your rate of regeneration.
   It makes you more stealthy.
 H - the +2 ratskin cloak {*Rats rPois rN+ Str-1 Int-1 Dex+1}
   (You found it on level 6 of the Dungeon)

   It affects your strength (-1).
   It affects your intelligence (-1).
   It affects your dexterity (+1).
   It protects you from poison.
   It protects you from negative energy.
 Y - a +2 cloak of poison resistance (worn)
 Z - a +2 hat (worn)
Jewellery
 d - an amulet of magic regeneration (around neck)
 t - an uncursed amulet of faith
 x - an uncursed ring of protection from fire {unknown}
 K - a ring of wizardry (left hand)
 N - an uncursed ring of fire
 P - the ring "Faun Hosy" {Int+6 Dex-5 Slay+2 SInv}
   (You found it on level 2 of the Lair of Beasts)

   [ring of intelligence]

   It affects your intelligence (+6).
   It affects your dexterity (-5).
   It affects your accuracy and damage with ranged weapons and melee attacks
   (+2).
   It lets you see invisible.
 R - a ring of protection from cold (right hand)
Wands
 k - a wand of paralysis (6)
 p - a wand of iceblast (17)
 D - a wand of disintegration (6)
 L - a wand of flame (64)
 O - a wand of acid (17)
 Q - a wand of enslavement (7)
 W - a wand of polymorph (7)
Scrolls
 c - 4 scrolls of remove curse
 e - 5 scrolls of immolation
 h - 2 scrolls of fear
 n - 2 scrolls of fog
 s - 3 scrolls of blinking
 y - 2 scrolls of teleportation
 z - 7 scrolls of amnesia
 C - a scroll of magic mapping
 F - a scroll of silence
 J - 2 scrolls of enchant armour
Potions
 f - 9 potions of curing
 i - a potion of ambrosia
 j - 8 potions of heal wounds
 m - 2 potions of berserk rage
 o - 4 potions of lignification
 q - 9 potions of flight
 r - 5 potions of haste
 u - 4 potions of brilliance
 v - a potion of stabbing
 A - 2 potions of mutation {unknown}
 B - 2 potions of magic
 G - 3 potions of cancellation
 T - 4 potions of might
 U - a potion of resistance {unknown}
 V - a potion of invisibility
Miscellaneous
 I - a condenser vane (1/2)
 S - a box of beasts (3/3)
 X - a tin of tremorstones (3/3)


   Skills:
 + Level 7.5 Fighting
 - Level 14.0 Short Blades
 - Level 15.0 Dodging
 - Level 15.0 Stealth
 - Level 6.0 Spellcasting
 - Level 4.0 Conjurations
 + Level 11.6 Hexes
 - Level 6.0 Invocations
 - Level 8.0 Evocations


You had 6 spell levels left.
You knew the following spells:

 Your Spells              Type           Power        Failure   Level
a - Corona                Hex            ######.      1%          1
b - Ensorcelled Hibernat  Hex/Ice        ####..       1%          2
c - Confusing Touch       Hex            ######..     1%          3
d - Tukima's Dance        Hex            ######..     1%          3
e - Dazzling Flash        Conj/Hex       #####.       1%          3
f - Slow                  Hex            ######..     1%          2
g - Cause Fear            Hex            ######....   1%          4
h - Apportation           Tloc           #.....       4%          1

Your spell library contained the following spells:

 Spells                   Type           Power        Failure   Level
 Shock                    Conj/Air       ##..         1%          1
 Inner Flame              Hex/Fire       ####....     1%          3
 Portal Projectile        Hex/Tloc       ####..       1%          3
 Summon Guardian Golem    Hex/Summ       ####....     1%          3
 Animate Skeleton         Necr           #.....       4%          1
 Summon Small Mammal      Summ           #...         4%          1
 Leda's Liquefaction      Hex/Erth       ####......   4%          4
 Call Imp                 Summ           #.......     6%          2
 Mephitic Cloud           Conj/Pois/Air  ##......     8%          3
 Silence                  Hex/Air        ####......   11%         5
 Call Canine Familiar     Summ           #.......     12%         3
 Animate Dead             Necr           #.........   38%         4
 Summon Ice Beast         Ice/Summ       #.......     38%         4
 Summon Lightning Spire   Summ/Air       #.......     38%         4
 Borgnjor's Vile Clutch   Necr/Erth      #.........   71%         5
 Summon Forest            Summ/Tloc      #.........   71%         5
 Death Channel            Necr           #.........   99%         6
 Dispersal                Tloc           #.........   99%         6
 Simulacrum               Ice/Necr       #.........   99%         6


Dungeon Overview and Level Annotations

Branches:
Dungeon (11/15)            Temple (1/1) D:4            Lair (6/6) D:10
  Swamp (0/4) Lair:3        Snake (0/4) Lair:3        Slime (0/5) Lair:5
    Orc (0/2) D:10        Ossuary (visited)           IceCv (visited)

Altars:
Ashenzari
Cheibriados
Dithmenos
Elyvilon
Fedhas
Gozag
Hepliaklqana
Kikubaaqudgha
Makhleb
Nemelex Xobeh
Okawaru
Qazlal
Ru
Sif Muna
Trog
Uskayaw
Vehumet
Wu Jian
Xom
Yredelemnul
Zin
The Shining One
Jiyva

Shops:
D:10 [

Annotations:
D:7 3 runed translucent doors, arkorax's ghost, novice DsWn
D:9 2 transporters, 1 runed translucent door, casual's ghost, journeyman PaFi
Lair:5 2 transporters, Ezab's ghost, journeyman MiFi


Innate Abilities, Weirdness & Mutations

You are very small and have problems with some larger weapons.
You are too small for most types of armour.
You have supernaturally acute eyesight. (SInv)
You cover ground extremely quickly.


Message History

The dire elephant is moderately wounded.
The dire elephant is engulfed in poison gas.
The dire elephant looks as sick as possible!
The dire elephant completely misses you. x2
Unknown command.
You hit the dire elephant but do no damage.
The dire elephant is moderately wounded.
The dire elephant is engulfed in poison gas.
The dire elephant looks as sick as possible!
Unknown command.
You barely miss the dire elephant.
The dire elephant is moderately wounded.
Unknown command.
Unknown command.
The dire elephant is engulfed in poison gas.
The dire elephant looks as sick as possible!
There is a large open door here.
The dire elephant tramples you!!
You stumble backwards!
The dire elephant tramples you!!
You die...

##...≈#..#.....
##'####.##.....
#8.8#...#♣...#P
#...#.###...P##
###Y.##.##......#
###.'..#..#♣......#
#...Y..#.##♣.(....#
#.Y.####.# ♣...#..#
#P@.#8...# #♣...###
##...'..######....#
#....#...'..[#♣..##
#....#####...##..#
##..## #...##.P###
#..# #..P##..#.#
#..♣ #...##....#
##♣8 #P..#♣..... ♣
######.....


You could see 3 dire elephants.

Vanquished Creatures
  A frost giant (IceCv)
  A yaktaur captain (D:9)
  6 hydras
  A catoblepas (Lair:6)
  An anaconda (Lair:6)
  A centaur warrior (D:9)
  A two-headed ogre (D:4)
  10 death yaks
  Sonja (Lair:4)
  An unseen horror (D:11)
  3 deep elf magi (D:11)
  A wolf spider (D:9)
  9 elephants
  4 black mambas
  2 ice statues (IceCv)
  7 cane toads
  A torpor snail (Lair:3)
  3 rime drakes
  12 komodo dragons
  2 trolls
  6 dream sheep (Lair:5)
  16 polar bears
  3 hornets
  27 blink frogs
  2 bog bodies (Lair:3)
  7 hippogriffs
  34 yaks
  Sigmund (D:5)
  2 wyverns
  3 basilisks
  A steam dragon (D:9)
  Edmund (D:5)
  2 nagas (Lair:3)
  6 water moccasins
  8 porcupines
  2 phantoms
  10 orc warriors
  5 sky beasts
  An ice beast (D:6)
  18 wolves
  An eye of draining (D:8)
  3 ogres
  4 centaurs
  12 crocodiles
  2 big kobolds
  18 bullfrogs
  An elf zombie (Ossuary)
  A wyvern zombie (D:10)
  A wyvern skeleton (D:11)
  3 scorpions
  5 wights (D:9)
  5 howler monkeys
  A centaur zombie (Ossuary)
  2 quasits
  10 hounds
  2 human zombies (Ossuary)
  3 jellies
  3 bullfrog skeletons
  5 orc priests
  Ijyb (D:4)
  2 centaur skeletons
  13 orc wizards
  Natasha (thrice) (D:2)
  5 iguanas
  A hell rat (D:6)
  6 worker ants
  4 big kobold zombies (Ossuary)
  A howler monkey zombie (D:10)
  3 mummies
  3 gnolls (D:3)
  A howler monkey skeleton (D:5)
  13 adders
  6 river rats (D:6)
  4 shadow imps
  2 white imps
  2 oozes
  An adder skeleton (D:8)
  2 adder zombies (Ossuary)
  5 worms
  A dart slug (D:2)
  14 leopard geckos
  34 orcs
  4 giant cockroaches
  8 goblins
  10 hobgoblins
  21 jackals
  11 kobolds
  8 quokkas
  A ball python (D:4)
  12 bats
  7 frilled lizards
  A goblin zombie (Ossuary)
  9 hobgoblin zombies (Ossuary)
  10 kobold zombies (Ossuary)
  6 orc zombies (Ossuary)
  24 rats
  A rat zombie (Ossuary)
565 creatures vanquished.

Vanquished Creatures (collateral kills)
  3 death yaks (Lair:4)
  A wizard (D:11)
  A blink frog (Lair:4)
  An adder (D:11)
6 creatures vanquished.

Vanquished Creatures (others)
  25 fungi
  77 plants
102 creatures vanquished.

Grand Total: 673 creatures vanquished

Notes
Turn   | Place    | Note
-------+----------+-------------------------------------------
     0 | D:1      | tilp the Spriggan Enchanter began the quest for the Orb.
     0 | D:1      | Reached XP level 1. HP: 9/9 MP: 5/5
   549 | D:1      | Reached XP level 2. HP: 12/13 MP: 4/6
   619 | D:1      | Reached skill level 5 in Stealth
   640 | D:1      | Learned a level 2 spell: Ensorcelled Hibernation
  1177 | D:1      | Reached XP level 3. HP: 10/16 MP: 8/8
  1184 | D:1      | Learned a level 3 spell: Confusing Touch
  2142 | D:2      | Noticed Natasha
  2153 | D:2      | Killed Natasha
  2153 | D:2      | Reached XP level 4. HP: 12/21 MP: 2/9
  2388 | D:2      | Noticed Natasha
  2394 | D:2      | Killed Natasha
  2914 | D:2      | Noticed Natasha
  2937 | D:2      | Killed Natasha
  2937 | D:2      | Reached XP level 5. HP: 18/24 MP: 3/10
  3282 | D:2      | Learned a level 3 spell: Tukima's Dance
  3344 | D:2      | Found a faded altar of an unknown god.
  3973 | D:3      | Found an opulent altar of Gozag.
  4118 | D:3      | You fall into a shaft and drop 2 floors!
  4118 | D:5      | Entered Level 5 of the Dungeon
  4124 | D:5      | Noticed a centaur
  4131 | D:5      | Killed a centaur
  4131 | D:5      | Reached XP level 6. HP: 28/28 MP: 8/11
  4132 | D:5      | Noticed Sigmund
  4140 | D:5      | Reached skill level 5 in Short Blades
  4157 | D:5      | Found a sand-covered staircase.
  4237 | Ossuary  | Entered an ossuary
  5501 | Ossuary  | Reached skill level 5 in Hexes
  5501 | Ossuary  | Reached XP level 7. HP: 29/32 MP: 9/14
  5829 | D:5      | Noticed Edmund
  5845 | D:5      | Killed Edmund
  6908 | D:3      | Found an ornate altar of the Wu Jian Council.
  7083 | D:3      | Reached skill level 1 in Evocations
  7386 | D:4      | Reached XP level 8. HP: 36/36 MP: 15/15
  7404 | D:4      | Found a staircase to the Ecumenical Temple.
  7424 | Temple   | Entered the Ecumenical Temple
  7567 | Temple   | Became a worshipper of Dithmenos the Shadowed
  7680 | D:4      | Noticed a two-headed ogre
  7724 | D:4      | Killed a two-headed ogre
  7954 | D:4      | Noticed Ijyb
  7966 | D:4      | Killed Ijyb
  8487 | D:4      | Found a hide-covered altar of Uskayaw.
  8680 | D:4      | Reached XP level 9. HP: 41/44 MP: 13/16
  8728 | D:4      | Reached * piety under Dithmenos
  9084 | D:4      | Learned a level 3 spell: Dazzling Flash
  9145 | D:5      | Reached skill level 1 in Invocations
  9525 | D:5      | Killed Sigmund
  9525 | D:5      | Reached skill level 5 in Evocations
 10248 | D:6      | Found a glowing golden altar of the Shining One.
 10497 | D:6      | Reached ** piety under Dithmenos
 10575 | D:6      | Found the +2 ratskin cloak {*Rats rPois rN+ Str-1 Int-1
                  | Dex+1}
 10858 | D:7      | Reached skill level 10 in Stealth
 11396 | D:7      | Found a runed translucent gate.
 11422 | D:7      | Found a runed translucent gate.
 11422 | D:7      | Found a runed translucent gate.
 11425 | D:7      | Noticed arkorax's ghost (novice DsWn)
 11500 | D:7      | Found an ancient bone altar of Kikubaaqudgha.
 11717 | D:7      | Found a burning altar of Makhleb.
 11719 | D:7      | Found a hide-covered altar of Uskayaw.
 11719 | D:7      | Found a sacrificial altar of Ru.
 11721 | D:7      | Found an iron altar of Okawaru.
 11721 | D:7      | Found a sacrificial altar of Ru.
 11721 | D:7      | Found a shimmering altar of Xom.
 12178 | D:8      | Learned a level 2 spell: Slow
 12371 | D:8      | Reached *** piety under Dithmenos
 12659 | D:8      | Reached XP level 10. HP: 49/49 MP: 17/17
 13203 | D:9      | Noticed a centaur warrior
 13242 | D:9      | Killed a centaur warrior
 13438 | D:9      | Found a transporter.
 13449 | D:9      | Found a transporter.
 13449 | D:9      | Found a basalt altar of Yredelemnul.
 13450 | D:9      | Noticed an orc knight
 13474 | D:9      | Found a runed translucent door.
 13474 | D:9      | Found a shimmering altar of Xom.
 13474 | D:9      | Noticed casual's ghost (journeyman PaFi)
 13474 | D:9      | Noticed a +1 trident of chaos
 13986 | D:9      | Reached skill level 1 in Conjurations
 14255 | D:9      | Noticed a wolf spider
 14255 | D:9      | Noticed a seven-headed hydra
 14255 | D:9      | Noticed a yaktaur captain
 14257 | D:9      | Killed a seven-headed hydra
 14258 | D:9      | Killed a wolf spider
 14364 | D:9      | Killed a yaktaur captain
 14364 | D:9      | Reached skill level 5 in Spellcasting
 14364 | D:9      | Reached XP level 11. HP: 33/52 MP: 12/19
 14505 | D:10     | Entered Level 10 of the Dungeon
 14506 | D:10     | Found a staircase to the Orcish Mines.
 14506 | D:10     | Found Apsu's Armour Shoppe.
 14637 | D:10     | Got an ancient robe
 14727 | D:10     | Identified the cursed +1 robe of Howling Wind {rElec Regen+
                  | Stlth+} (You found it on level 10 of the Dungeon)
 14790 | D:10     | Found a staircase to the Lair.
 14942 | D:10     | Reached **** piety under Dithmenos
 15530 | D:10     | Reached skill level 5 in Invocations
 16009 | D:11     | Noticed an unseen horror
 16013 | D:11     | Killed an unseen horror
 16070 | D:11     | Noticed a deep elf mage
 16089 | D:11     | Killed a deep elf mage
 16091 | D:11     | Noticed a wizard
 16124 | D:11     | Killed a wizard
 16137 | D:11     | Noticed a deep elf mage
 16145 | D:11     | Killed a deep elf mage
 16180 | D:11     | Identified Nymneud's Catalogue of Axaxaxas mlö
 16291 | D:11     | Noticed a deep elf mage
 16298 | D:11     | Killed a deep elf mage
 16312 | D:11     | Identified Ts'ui Pên's Catalogue of Forking Paths
 16319 | D:11     | Identified the Almanac of Combed Thunderclap
 16744 | D:11     | Learned a level 4 spell: Cause Fear
 16803 | Lair:1   | Entered Level 1 of the Lair of Beasts
 17236 | Lair:1   | Reached skill level 10 in Dodging
 17266 | Lair:1   | Reached ***** piety under Dithmenos
 17378 | Lair:1   | Reached XP level 12. HP: 58/58 MP: 22/22
 18125 | Lair:2   | Learned a level 1 spell: Apportation
 18196 | Lair:2   | Got a coiled marble ring
 18771 | Lair:2   | Reached skill level 5 in Fighting
 18946 | Lair:2   | Identified a scroll of acquirement
 18946 | Lair:2   | Acquired a +7 rapier of electrocution
 19102 | Lair:3   | Reached skill level 10 in Hexes
 19257 | Lair:3   | Reached skill level 10 in Short Blades
 19589 | Lair:3   | Noticed a seven-headed hydra
 19599 | Lair:3   | Killed a seven-headed hydra
 19770 | Lair:3   | Noticed a four-headed hydra
 19773 | Lair:3   | Killed a four-headed hydra
 19895 | Lair:3   | Found a staircase to the Snake Pit.
 19896 | Lair:3   | Noticed a death yak
 19896 | Lair:3   | Noticed a death yak
 20042 | Lair:3   | Killed a death yak
 20081 | Lair:3   | Killed a death yak
 20435 | Lair:3   | Found a staircase to the Swamp.
 20756 | Lair:3   | Reached XP level 13. HP: 65/65 MP: 15/23
 20950 | Lair:3   | Reached skill level 15 in Stealth
 20976 | Lair:3   | Identified the ring "Faun Hosy" {Int+6 Dex-5 Slay+2 SInv}
                  | (You found it on level 2 of the Lair of Beasts)
 21039 | Lair:4   | Noticed Sonja
 21047 | Lair:4   | Killed Sonja
 21059 | Lair:4   | Found a frozen archway.
 21071 | IceCv    | Entered an ice cave
 21548 | IceCv    | Noticed a frost giant
 21723 | IceCv    | Found the +8 trident of the Octopus King {venom, rElec
                  | rPois MR+}
 21760 | IceCv    | Killed a frost giant
 22763 | Lair:5   | Reached skill level 15 in Dodging
 23057 | Lair:5   | Found a transporter.
 23065 | Lair:5   | Noticed Ezab's ghost (journeyman MiFi)
 23067 | Lair:5   | Found a transporter.
 23075 | Lair:5   | Found a staircase to the Slime Pits.
 23075 | Lair:5   | Found a viscous altar of Jiyva.
 23865 | Lair:5   | Reached XP level 14. HP: 68/70 MP: 18/24
 24388 | Lair:6   | Entered Level 6 of the Lair of Beasts
 25688 | Lair:6   | Slain by a dire elephant

Illustrated notes

Levels and vault maps discovered:
D:1:      eino_arrival_water_cross, layout_loops_corners
D:2:      layout_basic, chequers_ecumenical_altar_simple, uniq_natasha
D:3:      layout_basic, lemuel_crystal_altar, chequers_serial_rivers_micro_c,
          serial_bayou_pond_d, grunt_gozag_breadcrumbs
D:4:      wad_river_or_something, layout_loops_corners, marbit_many_paths,
          minmay_temple_entry_butterflies, kennysheep_another_room,
          lexackson_kobold_supper, uniq_ijyb
D:5:      layout_rooms, gup_ossuary_entry_pyramid,
          hangedman_decor_clover_reticule, guppyfry_early_lair_pool,
          uniq_edmund, uniq_sigmund
D:6:      wander_guarded_unrand_ratskin, layout_gridville, tso_oasis_becter
D:7:      layout_loops_corners, doesnt_xom_only_xom, kennysheep_mini,
          gammafunk_ghost_nasty_kobolds
D:8:      layout_cave_pods, serial_column_ruins, column_ruins_square_medium,
          column_ruins_circle_small, column_ruins_grid_3,
          column_ruins_open_medium, column_ruins_columns_straight,
          column_ruins_open_small, column_ruins_open_tiny,
          hangedman_abyss_or_decor_passed
D:9:      minmay_shrinking_squares, layout_cave_pods,
          gammafunk_temple_overflow_arena, ebering_ghost_xom
D:10:     layout_irregular_city, lair_entry_dummy, orc_david_3,
          chequers_serial_rivers_room_b
D:11:     layout_basic, bh_hangedman_babel_library
Temple:   eino_temple_rhombus
Lair:1:   layout_cave_pods
Lair:2:   layout_regular_city, grunt_megastairs_5, lemuel_fruit_fields
Lair:3:   cheibrodos_lair_overgrown_chateau, layout_cave_pods,
          skrybe_swamp_entry_bodies, guppyfry_snake_entry_garden,
          serial_bayou_shore_b
Lair:4:   layout_loops_ring, portal_ice_cave_rime, uniq_sonja
Lair:5:   layout_cave_pods, slime_altar_1, gammafunk_ghost_arena
Lair:6:   due_jungle_book, layout_cave_pods, infiniplex_staircase_pool

Skill      XL: |  1  2  3  4  5  6  7  8  9 10 11 12 13 14 |
---------------+-------------------------------------------+-----
Stealth        | 5 6 7 8 10 12 13 14 15 | 15.0
Short Blades   | 2 3 4 5 7 8 9 10 13 14 | 14.0
Spellcasting   | 4 5 6 |  6.0
Hexes          | 5 8 9 10 11 | 11.6
Evocations     | 3 4 6 8 |  8.0
Fighting       | 3 4 6 7 |  7.5
Dodging        | 8 10 12 15 | 15.0
Invocations    | 4 5 6 |  6.0
Conjurations   | 1 3 4 |  4.0

Action                   |  1- 3 |  4- 6 |  7- 9 | 10-12 | 13-15 || total
-------------------------+-------+-------+-------+-------+-------++-------
Melee: Dagger            |   111 |   410 |   519 |   384 |   307 ||  1731
       Rapier            |       |       |       |    50 |    64 ||   114
 Cast: Corona            |     7 |       |       |       |     1 ||     8
       Ensorcelled Hiber |     4 |    17 |    55 |   163 |    81 ||   320
       Confusing Touch   |       |    15 |    10 |    20 |    37 ||    82
       Slow              |       |       |       |     4 |     3 ||     7
       Dazzling Flash    |       |       |       |       |     1 ||     1
Invok: Shadow Step       |       |       |       |     4 |     7 ||    11
Evoke: Wand              |       |     8 |     2 |     6 |     4 ||    20
       Box of beasts     |       |       |       |     1 |     3 ||     4
       Condenser vane    |       |       |       |       |     2 ||     2
  Use: Scroll            |     5 |     7 |     6 |    14 |     3 ||    35
       Potion            |       |     1 |       |       |     2 ||     3
 Stab: Sleeping          |    13 |    18 |    73 |   130 |    93 ||   327
       Distracted        |       |     1 |       |       |     3 ||     4
       Confused          |       |     8 |    10 |    21 |    34 ||    73
       Paralysed         |       |       |     1 |     1 |       ||     2
       Invisible         |       |       |       |       |     5 ||     5
Armor: Robe              |     7 |    55 |    33 |    14 |    19 ||   128
Dodge: Dodged            |    76 |   247 |   362 |   316 |   264 ||  1265

Table legend: (Time is in decaauts)
 A = Elapsed time spent in this place.
 B = Non-inter-level travel time spent in this place.
 C = Inter-level travel time spent in this place.
 D = Time resting spent in this place.
 E = Time spent auto-exploring this place.
 F = Levels seen in this place.
 G = Mean time per level.
                   A        B        C        D        E       F      G
               +--------+--------+--------+--------+--------+-----+--------+
         Total |  18983 |  18408 |    575 |   6012 |   8201 |  20 |  949.2 |
       Dungeon |  11520 |  11210 |    310 |   3729 |   5327 |  11 | 1047.3 |
        Temple |     93 |     80 |     13 |      0 |     77 |   1 |   93.0 |
          Lair |   5533 |   5282 |    251 |   1474 |   2597 |   6 |  922.2 |
       Ossuary |   1257 |   1257 |      0 |    663 |     32 |   1 | 1257.0 |
      Ice Cave |    578 |    578 |      0 |    145 |    166 |   1 |  578.0 |
               +--------+--------+--------+--------+--------+-----+--------+

Top non-repeatable levels by time:
     D:1: 1797 daAuts
  Lair:3: 1393 daAuts
     D:4: 1275 daAuts
 Ossuary: 1257 daAuts
     D:2: 1197 daAuts
     D:3: 1157 daAuts
  Lair:5: 1140 daAuts
    D:10: 1070 daAuts
     D:9: 1029 daAuts
     D:7: 889 daAuts
     D:5: 859 daAuts
  Lair:6: 823 daAuts
     D:8: 785 daAuts
     D:6: 743 daAuts
  Lair:2: 742 daAuts
